 Dungeon Crawl Stone Soup version 0.31-a0-344-gd109795599 (webtiles) character file.

Game seed: 2792652469479767576

28294 Conn the Thaumaturge (level 13, 0/74 HPs)
             Began as an Octopode Fire Elementalist on July 22, 2023.
             Was an Elder of Sif Muna.
             Slain by a basilisk (2 damage)
             ... while petrified by a basilisk
             ... on level 1 of the Lair of Beasts.
             The game lasted 00:55:11 (17983 turns).

Conn the Thaumaturge (Octopode Fire Elementalist)  Turns: 17983, Time: 00:55:11

Health: 0/74       AC:  1    Str:  8    XL:     13   Next: 37%
Magic:  11/31      EV:  2    Int: 21    God:    Sif Muna [****..]
Gold:   62         SH:  0    Dex: 19    Spells: 14/40 levels left

rFire   + . .        g - staff of conjuration
rCold   + . .        (no shield)
rNeg    + + +        (helmet restricted)
rPois   ∞            A - amulet of reflection
rElec   .            i - +6 ring of dexterity
rCorr   +            p - ring of see invisible
SInv    +            w - ring of protection from fire
Will    .....        j - ring of resist corrosion
Stlth   ++++         q - ring of protection from cold
HPRegen 0.32/turn    B - ring of wizardry
MPRegen 0.22/turn    (no ring)
                     (no ring)

%: reflection, wizardry (x1)
@: petrified, studying Long Blades
A: almost no armour, amphibious, 8 rings, camouflage 1, gelatinous body 1,
(nimble swimmer 1), tentacles
a: Renounce Religion, Channel Magic, Forget Spell, Divine Exegesis


You were on level 1 of the Lair of Beasts.
You worshipped Sif Muna.
Sif Muna was greatly pleased with you.
You visited 4 branches of the dungeon, and saw 15 of its levels.
You also visited: Bailey.

You collected 1638 gold pieces.
You spent 1576 gold pieces at shops.

Inventory:

Hand Weapons
 z - a +4 quarterstaff of flaming
 D - the +1 halberd "Aruoghix" {spect, Fly rElec rC+++ Dex-4}
   (You bought it in a shop on level 2 of the Orcish Mines)

   Dex:       It affects your dexterity (-4).
   rC:        It renders you almost immune to cold.
   rElec:     It insulates you from electricity.
   Fly:       It grants you flight.
Missiles
 o - 2 throwing nets
Armour
 f - an orb of energy
 F - a +0 kite shield
Magical Staves
 g - a staff of conjuration (weapon)
Jewellery
 h - a ring of ice
 i - a +6 ring of dexterity (left tentacle)
 j - a ring of resist corrosion (on tentacle)
 p - a ring of see invisible (right tentacle)
 q - a ring of protection from cold (on tentacle)
 w - a ring of protection from fire (on tentacle)
 A - an amulet of reflection (around mantle)
 B - a ring of wizardry (on tentacle)
Talismans
 m - a serpent talisman
 s - a dragon-blood talisman
Wands
 C - a wand of paralysis (14)
 E - a wand of roots (12)
 H - a wand of flame (7)
Scrolls
 a - a scroll of silence
 b - 2 scrolls of enchant weapon
 c - 2 scrolls of revelation
 e - a scroll of enchant armour
 k - a scroll of brand weapon
 l - a scroll of noise
 r - a scroll of vulnerability {unknown}
 v - a scroll of fog
 x - a scroll of teleportation
 y - a scroll of summoning
 K - a scroll of acquirement {unknown}
Potions
 d - a potion of lignification
 n - a potion of mutation
 t - a potion of brilliance
 u - a potion of attraction
 G - a potion of cancellation {unknown}
 I - a potion of haste {unknown}
Miscellaneous
 J - a lightning rod (4/4)


   Skills:
 + Level 2.0 Fighting
 + Level 1.0 Staves
 + Level 4.1 Dodging
 + Level 5.1 Stealth
 * Level 14.0 Spellcasting
 * Level 9.5 Conjurations
 + Level 2.4 Hexes
 + Level 11.1 Fire Magic
 * Level 6.7 Invocations
 + Level 0.3 Evocations


You had 14 spell levels left.
You knew the following spells:

 Your Spells              Type           Power      Damage    Failure   Level
a - Foxfire               Conj/Fire      100%       2x1d9     1%          1
b - Scorch                Fire           100%       2d9       1%          2
c - Inner Flame           Hex/Fire       43%        N/A       1%          3
d - Flame Wave            Conj/Fire      72%        2d16      1%          4
e - Starburst             Conj/Fire      36%        6d11      4%          6
f - Iskenderun's Battles  Conj           70%        2d12      1%          5
g - Fireball              Conj/Fire      36%        3d15      1%          5

Your spell library contained the following spells:

 Spells                   Type           Power      Damage    Failure   Level
 Dazzling Flash           Conj/Hex       100%       N/A       1%          3
 Mephitic Cloud           Conj/Pois/Air  42%        N/A       1%          3
 Volatile Blastmotes      Fire/Tloc      76%        2d16      1%          3
 Iskenderun's Mystic Bla  Conj/Tloc      51%        2d11      2%          4
 Portal Projectile        Hex/Tloc       38%        N/A       3%          3
 Cause Fear               Hex            12%        N/A       6%          4
 Airstrike                Air            7%         2d(1-17)  16%         4
 Yara's Violent Unravell  Hex/Tmut       9%         3d6       28%         5
 Leda's Unmaking          Conj/Erth      25%        9d5       34%         6
 Spellforged Servitor     Conj/Summ      25%        N/A       87%         7
 Dispersal                Tloc           7%         N/A       92%         6
 Enfeeble                 Hex            12%        N/A       99%         7
 Malign Gateway           Summ/Tloc      7%         N/A       100%        7
 Maxwell's Capacitive Co  Air            7%         ∞         100%        8
 Dragon's Call            Summ           7%         N/A       100%        9


Dungeon Overview and Level Annotations

Branches:
Dungeon (11/15)            Temple (1/1) D:4            Lair (1/5) D:8
    Orc (2/2) D:11            Elf (0/3) Orc:2        Bailey (visited)

Altars:
Ashenzari
Cheibriados
Dithmenos
Elyvilon
Fedhas
Gozag
Hepliaklqana
Kikubaaqudgha
Makhleb
Nemelex Xobeh
Okawaru
Qazlal
Ru
Sif Muna
Trog
Uskayaw
Vehumet
Wu Jian
Xom
Yredelemnul
Zin
The Shining One
Jiyva

Shops:
D:4 =   D:11 =   Orc:2 [((!!([

Portals:
Trove: D:10 (give 7 potions of haste)

Annotations:
Lair:1 Gastronok


Innate Abilities, Weirdness & Mutations

You cannot wear most types of armour.
You are amphibious.
You can wear up to eight rings at the same time.
Your skin changes colour to match your surroundings (Stealth+).
Your rubbery body absorbs attacks. (AC +1, EV +1)
((You are camouflaged when in or above water. (Stealth+)))
You have tentacles for arms and can constrict up to eight enemies at once.


Message History

Sif Muna accepts your kill.
You hear a loud, deep croak!
The yak gores you!
Your limbs are stiffening.
Unknown command.
Casting: Fireball (dangerous; 1% risk of failure)
Confirm with . or Enter, or press ? or * to list all spells.
Aiming: Fireball (dangerous; 1% risk of failure)
Press: ? - help, Shift-Dir - straight line You feel a surge of power!
The fireball explodes!
The fireball engulfs the yak!!
You kill the yak!
Sif Muna accepts your kill.
The fireball engulfs the yak!!
The yak is severely wounded.
You feel less invigorated.
You hear a croak.
The basilisk gazes at you.
You easily resist.
The yak gores you!
* * * LOW HITPOINT WARNING * * *
Gastronok the Ponderous comes into view.
He is wearing a +0 hat of stealth.
You have turned to stone.
The yak gores you but does no damage. The yak gores you.
* * * LOW HITPOINT WARNING * * *
The basilisk gazes at you. The yak gores you!
* * * LOW HITPOINT WARNING * * *
The basilisk hisses menacingly.
The yak gores you.
* * * LOW HITPOINT WARNING * * *
The basilisk hisses menacingly.
The basilisk gazes at you.
You easily resist.
The yak gores you!
* * * LOW HITPOINT WARNING * * *
The yak gores you!
* * * LOW HITPOINT WARNING * * *
The yak gores you.
* * * LOW HITPOINT WARNING * * *
The basilisk bites you.
You die...

... ## #.###P .
#.... ...
#.#.##....
###........#
##...<..#
#....####
##.†.# #@Y.#
......†l†......
......#....##..
##...##......
#.#./ ..##)w..P
# #. ...# .....
# !... .....
.... .##.


You could see Gastronok, a yak and a basilisk.

Vanquished Creatures
  Erolcha (Orc:2)
  A boulder beetle (D:11)
  An ogre mage (Orc:1)
  A two-headed ogre (D:6)
  The ghost of Turtleman12345 the Trooper, a novice DsSh (D:7)
  The ghost of Conn the Magician, a novice OpFE of Sif Muna (D:7)
  2 orc knights (Bailey)
  14 orc sorcerers
  A cyclops (Orc:1)
  Joseph (D:7)
  2 cane toads (Lair:1)
  4 kobold demonologists (D:9)
  2 trolls
  3 hornets
  Sigmund (D:3)
  2 shadows (D:11)
  4 wyverns
  34 yaks
  2 basilisks
  2 steam dragons
  2 vampire mosquitoes (D:11)
  11 wargs
  An acid dragon (D:9)
  2 floating eyes (Orc:1)
  21 orc warriors
  2 water moccasins (Lair:1)
  2 black bears
  2 sky beasts
  4 ogres
  A centaur (D:10)
  2 phantoms (D:5)
  5 bullfrogs
  3 gnoll sergeants
  3 scorpions
  7 wights (D:8)
  6 killer bees (D:10)
  4 howler monkeys
  Crazy Yiuf (D:7)
  A jelly (D:6)
  3 gnoll boudas
  16 orc priests
  3 hounds
  4 sleepcaps
  41 orc wizards
  An iguana (D:4)
  33 gnolls
  8 adders
  A shadow imp (D:7)
  A white imp (D:8)
  5 dart slugs
  99 orcs
  3 bats
  8 endoplasms
  A giant cockroach (D:2)
  4 goblins
  9 hobgoblins
  A jackal (D:4)
  8 quokkas
  8 ball pythons
  A frilled lizard (D:1)
  11 kobolds
  3 rats
432 creatures vanquished.

Vanquished Creatures (others)
  A howler monkey (D:11)
  An orc wizard (Orc:2)
  994 foxfires
996 creatures vanquished.

Grand Total: 1428 creatures vanquished

Notes
Turn   | Place    | Note
-------+----------+-------------------------------------------
     0 | D:1      | Conn the Octopode Fire Elementalist began the quest for the
                  | Orb.
     0 | D:1      | Reached XP level 1. HP: 11/11 MP: 3/3
   262 | D:1      | Reached XP level 2. HP: 17/17 MP: 1/5
   830 | D:1      | Found a faded altar of an unknown god.
   923 | D:2      | Reached XP level 3. HP: 12/21 MP: 4/6
   929 | D:2      | Learned a level 2 spell: Scorch
   933 | D:2      | Learned a level 3 spell: Inner Flame
  1656 | D:3      | Noticed Sigmund
  1664 | D:3      | Reached XP level 4. HP: 12/27 MP: 0/7
  1873 | D:3      | Killed Sigmund
  1874 | D:3      | Reached skill level 3 in Spellcasting
  1874 | D:3      | Reached XP level 5. HP: 23/32 MP: 5/9
  1874 | D:3      | Reached XP level 6. HP: 26/37 MP: 5/10
  2032 | D:3      | Found a stormy altar of Qazlal.
  2181 | D:3      | Found a white marble altar of Elyvilon.
  2246 | D:3      | Found a bloodstained altar of Trog.
  2422 | D:3      | Found a basalt altar of Yredelemnul.
  2548 | D:3      | Found a snail-covered altar of Cheibriados.
  2863 | D:4      | Found a staircase to the Ecumenical Temple.
  2889 | D:4      | Gained mutation: Your spells are a little harder to cast,
                  | but a little more powerful. [potion of mutation]
  3013 | D:3      | Learned a level 4 spell: Flame Wave
  3137 | D:4      | Reached skill level 5 in Fire Magic
  3145 | Temple   | Entered the Ecumenical Temple
  3163 | Temple   | Became a worshipper of Sif Muna the Loreminder
  3231 | D:4      | Found a hazy altar of Hepliaklqana.
  3347 | D:4      | Found Ydaebin's Jewellery Emporium.
  3378 | D:4      | Reached XP level 7. HP: 42/42 MP: 0/12
  3863 | D:4      | Reached skill level 1 in Fighting
  3863 | D:4      | Reached skill level 4 in Spellcasting
  4113 | D:5      | Entered Level 5 of the Dungeon
  4410 | D:5      | Reached skill level 5 in Spellcasting
  4410 | D:5      | Reached XP level 8. HP: 42/48 MP: 1/15
  5251 | D:5      | Found a shimmering altar of Xom.
  5251 | D:5      | Found a blossoming altar of Fedhas.
  5364 | D:6      | Reached skill level 6 in Spellcasting
  5912 | D:6      | Reached * piety under Sif Muna
  6079 | D:6      | Reached skill level 7 in Spellcasting
  6171 | D:6      | Reached XP level 9. HP: 44/53 MP: 17/19
  6347 | D:6      | Noticed a two-headed ogre
  6354 | D:6      | Killed a two-headed ogre
  6355 | D:6      | Reached skill level 8 in Spellcasting
  6355 | D:6      | Reached skill level 5 in Conjurations
  6570 | D:7      | Reached skill level 1 in Hexes
  7250 | D:7      | Noticed Joseph
  7260 | D:7      | Killed Joseph
  7261 | D:7      | Reached skill level 9 in Spellcasting
  7261 | D:7      | Reached XP level 10. HP: 29/59 MP: 14/23
  7641 | D:7      | Found a runed translucent door.
  7642 | D:7      | Noticed Crazy Yiuf
  7651 | D:7      | Killed Crazy Yiuf
  7700 | D:7      | Found a runed translucent gate.
  7700 | D:7      | Found a runed translucent gate.
  7700 | D:7      | Found a runed translucent gate.
  7704 | D:7      | Noticed Conn's ghost (novice OpFE)
  7704 | D:7      | Noticed Turtleman12345's ghost (novice DsSh)
  7905 | D:7      | Learned a level 6 spell: Starburst
  8136 | D:8      | Reached skill level 1 in Invocations
  8145 | D:8      | Reached ** piety under Sif Muna
  8292 | D:8      | Found a staircase to the Lair.
  8517 | D:8      | Found a flagged portal.
  8526 | Bailey   | Entered a bailey
  8821 | Bailey   | Reached skill level 10 in Spellcasting
  8825 | Bailey   | Noticed an orc knight
  8844 | Bailey   | Killed an orc knight
  9073 | Bailey   | Noticed an orc knight
  9474 | Bailey   | Killed an orc knight
  9821 | D:8      | Found a shadowy altar of Dithmenos.
 10267 | D:8      | Found a sparkling altar of Nemelex Xobeh.
 10301 | D:9      | Noticed a kobold demonologist
 10305 | D:9      | Killed a kobold demonologist
 10306 | D:9      | Reached XP level 11. HP: 63/63 MP: 16/25
 10428 | D:9      | Reached skill level 11 in Spellcasting
 10608 | D:9      | Noticed a soul eater
 10776 | D:9      | Reached *** piety under Sif Muna
 11703 | D:10     | Entered Level 10 of the Dungeon
 11716 | D:10     | Found a portal to a secret trove of treasure.
 12107 | D:10     | Reached skill level 12 in Spellcasting
 12112 | D:10     | Reached **** piety under Sif Muna
 12322 | D:10     | Found an iron altar of Okawaru.
 12592 | D:11     | Reached XP level 12. HP: 48/69 MP: 22/28
 12690 | D:11     | Found the +4 moon troll leather armour {Spirit, Regen++
                  | MP+5}
 12701 | D:11     | Learned a level 5 spell: Iskenderun's Battlesphere
 12705 | D:11     | Found Gemiar's Jewellery Shoppe.
 12717 | D:11     | Bought a ring of resist corrosion for 300 gold pieces
 12987 | D:11     | Learned a level 5 spell: Fireball
 13404 | D:11     | Noticed a boulder beetle
 13408 | D:11     | Reached skill level 5 in Stealth
 13445 | D:11     | Killed a boulder beetle
 13600 | D:11     | Found a staircase to the Orcish Mines.
 13651 | Orc:1    | Entered Level 1 of the Orcish Mines
 13660 | Orc:1    | Reached skill level 10 in Fire Magic
 13668 | Orc:1    | Reached skill level 5 in Invocations
 13669 | Orc:1    | Noticed a soul eater
 14388 | Orc:1    | Paralysed by a floating eye for 3 turns
 14399 | Orc:1    | Paralysed by an orc sorcerer for 4 turns
 14404 | Orc:1    | Paralysed by an orc sorcerer for 3 turns
 14582 | Orc:1    | Noticed an ogre mage
 14589 | Orc:1    | Paralysed by an ogre mage for 3 turns
 14595 | Orc:1    | Killed an ogre mage
 14809 | Orc:2    | Entered Level 2 of the Orcish Mines
 14825 | Orc:2    | Noticed Erolcha
 14827 | Orc:2    | Reached skill level 13 in Spellcasting
 14830 | Orc:2    | Killed Erolcha
 14971 | Orc:2    | Reached ***** piety under Sif Muna
 15137 | Orc:2    | Found Gasiufu's Armour Boutique.
 15328 | Orc:2    | Found Teuchar's Antique Weapon Shoppe.
 15332 | Orc:2    | Received a gift from Sif Muna
 15354 | Orc:2    | Reached XP level 13. HP: 39/74 MP: 6/30
 15872 | Orc:2    | Got Sif Muna's Information on the Weathered Geodesic {god
                  | gift}
 15873 | Orc:2    | Found Volaoc's Distillery.
 15998 | Orc:2    | Lost mutation: Your spells are a little harder to cast, but
                  | a little more powerful. [a neqoxec]
 16002 | Orc:2    | Reached skill level 1 in Staves
 16239 | Orc:2    | Found a staircase to the Elven Halls.
 16525 | Orc:2    | Found Vubrung's Antique Weapon Boutique.
 16533 | Orc:2    | Bought a pitted halberd for 216 gold pieces
 16533 | Orc:2    | Identified the +1 halberd "Aruoghix" {spect, Fly rElec
                  | rC+++ Dex-4} (You bought it in a shop on level 2 of the
                  | Orcish Mines)
 16671 | Orc:2    | Found Qeecant's Antique Weapon Shop.
 16671 | Orc:2    | Found Ydoalo Sixag's Distillery.
 16676 | Orc:2    | Bought a faintly glowing orcbow for 178 gold pieces
 16676 | Orc:2    | Identified the +1 orcbow "Voutzis" {heavy, MP-9 Str+6
                  | Dex+4} (You bought it in a shop on level 2 of the Orcish
                  | Mines)
 16686 | Orc:2    | Bought a potion of lignification for 42 gold pieces
 16902 | Orc:2    | Found Sout's Antique Armour Boutique.
 17223 | Orc:1    | You fall into a shaft and drop 1 floor!
 17693 | D:4      | Bought an amulet of reflection for 420 gold pieces
 17693 | D:4      | Bought a ring of wizardry for 420 gold pieces
 17849 | D:7      | Killed Turtleman12345's ghost
 17849 | D:7      | Killed Conn's ghost
 17949 | Lair:1   | Entered Level 1 of the Lair of Beasts
 17973 | Lair:1   | Reached skill level 14 in Spellcasting
 17976 | Lair:1   | Noticed Gastronok
 17982 | Lair:1   | HP: 3/74 [yak (4)]
 17983 | Lair:1   | Slain by a basilisk

Illustrated notes

Levels and vault maps discovered:
D:1:      minmay_arrival_cross, layout_rooms, chequers_ecumenical_altar_grove
D:2:      layout_basic, chequers_decorated_corner
D:3:      layout_rooms, kennysheep_ying_yang, mainiacjoe_overflow_catwalk,
          nicolae_overflow_crystal_walls, bloody_trog, uniq_sigmund
D:4:      minmay_chambers_of_twos, layout_loops_ring, kennysheep_little_box,
          minmay_temple_entry_stoned_glass, serial_shops,
          nicolae_shop_gibbet_a_chance, minmay_manual_mail
D:5:      layout_basic, amethyst_overflow_temple_binary
D:6:      layout_loops_ring
D:7:      layout_cave_pods, gammafunk_ghost_cemetery, uniq_joseph,
          uniq_crazy_yiuf_cottage
D:8:      layout_loops_cross, mainiacjoe_overflow_alcove_4,
          nicolae_dithmenos_through_a_glass_darkly, lair_entry_dummy,
          enter_bailey_2, kennysheep_small_spiral, reono_crystal_passage
D:9:      layout_basic, minmay_misc_feat_pillars
D:10:     layout_cave_pools, okawaru_ov_weapons_minmay, enter_trove_2
D:11:     layout_basic, hiddenorc1_lemuel, serial_shops, shop,
          lemuel_flamethrower_2
Temple:   pf_slime_end_temple
Lair:1:   layout_misc_corridors, uniq_gastronok
Orc:1:    hellmonk_paralyzer, layout_diamond_mine, basic_altar
Orc:2:    st_orc_town, layout_diamond_mine, basic_altar, serial_shops,
          nicolae_square_shop, shop_fountains, shop_statue,
          nicolae_orc_lost_temple, uniq_erolcha

Skill      XL: |  1  2  3  4  5  6  7  8  9 10 11 12 13 |
---------------+----------------------------------------+-----
Stealth        | 3 4 5 |  5.1
Fire Magic     | 4 5 6 7 8 9 10 11 | 11.1
Spellcasting   | 3 5 7 9 10 12 13 14 | 14.0
Conjurations   | 2 3 4 5 6 7 8 9 |  9.5
Fighting       | 1 2 |  2.0
Hexes          | 1 2 |  2.4
Invocations    | 2 4 5 6 |  6.7
Dodging        | 3 4 |  4.1
Staves         | 1 |  1.0
Evocations     | |  0.3

Action                     |  1- 3 |  4- 6 |  7- 9 | 10-12 | 13-15 || total
---------------------------+-------+-------+-------+-------+-------++-------
  Melee: Unarmed           |     6 |       |       |     2 |       ||     8
         Constrict         |     2 |     7 |     6 |     7 |    10 ||    32
         Staff             |     1 |    17 |    24 |    21 |    27 ||    90
         Tentacles         |       |     5 |    10 |    11 |    10 ||    36
         Bite              |       |       |       |     1 |       ||     1
   Cast: Foxfire           |    66 |    52 |    95 |   230 |   121 ||   564
         Scorch            |       |    24 |    58 |    79 |    18 ||   179
         Inner Flame       |       |     2 |     4 |    22 |       ||    28
         Flame Wave        |       |       |     5 |    41 |    12 ||    58
         Iskenderun's Batt |       |       |       |     6 |     1 ||     7
         Fireball          |       |       |       |     4 |     9 ||    13
         Starburst         |       |       |       |     1 |     4 ||     5
 Invoke: Channel Magic     |       |       |       |     1 |     1 ||     2
  Evoke: Wand              |       |       |       |     4 |       ||     4
    Use: Potion            |       |     3 |     1 |     4 |     2 ||    10
         Scroll            |       |       |       |    15 |     1 ||    16
   Stab: Sleeping          |       |     1 |     2 |     2 |       ||     5
         Distracted        |       |     1 |       |       |       ||     1
 Armour: Skin              |     1 |     1 |     3 |     3 |     4 ||    12
  Dodge: Dodged            |    15 |    43 |    38 |    68 |    31 ||   195
         Form:             |       |       |       |     1 |       ||     1
         Dragon            |       |       |       |     1 |       ||     1

Table legend: (Time is in decaauts)
 A = Elapsed time spent in this place.
 B = Non-inter-level travel time spent in this place.
 C = Inter-level travel time spent in this place.
 D = Time resting spent in this place.
 E = Time spent auto-exploring this place.
 F = Levels seen in this place.
 G = Mean time per level.
                   A        B        C        D        E       F      G
               +--------+--------+--------+--------+--------+-----+--------+
         Total |  18014 |  17441 |    573 |   1452 |  11137 |  16 | 1125.9 |
       Dungeon |  13216 |  12676 |    540 |    988 |   8819 |  11 | 1201.5 |
        Temple |     34 |     20 |     14 |      0 |      0 |   1 |   34.0 |
          Lair |     34 |     34 |      0 |      0 |      0 |   1 |   34.0 |
  Orcish Mines |   3554 |   3536 |     18 |     79 |   2071 |   2 | 1777.0 |
        Bailey |   1174 |   1174 |      0 |    385 |    247 |   1 | 1174.0 |
               +--------+--------+--------+--------+--------+-----+--------+

Top non-repeatable levels by time:
   Orc:2: 2465 daAuts
     D:7: 1669 daAuts
    D:11: 1461 daAuts
     D:9: 1417 daAuts
     D:5: 1310 daAuts
     D:4: 1253 daAuts
     D:6: 1252 daAuts
  Bailey: 1174 daAuts
     D:3: 1152 daAuts
     D:8: 1113 daAuts
   Orc:1: 1088 daAuts
     D:1: 910 daAuts
     D:2: 843 daAuts
    D:10: 831 daAuts
  Temple: 34 daAuts
